 Dungeon Sprint DCSS version 0.26.1-2-gb8aa6d0cf2 (webtiles) character file.

Game seed: 15582868616843966059

3796 Groucho the Unseen (level 9, -8/46 HPs)
             Began as a Spriggan Enchanter on Feb 22, 2021.
             Was the Champion of Dithmenos.
             Mangled by a five-headed hydra (16 damage)
             ... in the Dungeon (Sprint VII: "The Pits").
             The game lasted 00:08:49 (2695 turns).

Groucho the Unseen (Spriggan Enchanter)             Turns: 2695, Time: 00:08:50

Health: -8/46      AC:  2    Str:  6    XL:     9   Next: 96%
Magic:  13/25      EV: 35    Int: 17    God:    Dithmenos [******]
Gold:   0          SH:  0    Dex: 17    Spells: 25/31 levels left

rFire    . . .     SeeInvis +   a - +2 dagger
rCold    . . .     Faith    .   (shield restricted)
rNeg     . . .     Spirit   .   b - +0 robe
rPois    .         Reflect  .   (helmet restricted)
rElec    .         Harm     .   (no cloak)
rCorr    .         Rampage  .   (gloves unavailable)
Will     +....     NoTele   +   (boots unavailable) Stlth **++++++++
                                (no amulet)
HPRegen  0.15/turn              i - +3 ring of evasion
MPRegen  0.19/turn              o - +3 ring of evasion

@: wreathed by umbra, very quick
A: very small, unfitting armour, see invisible, speed 3
a: Renounce Religion, Shadow Step, Shadow Form


You were in the Dungeon.
You worshipped Dithmenos.
Dithmenos was exalted by your worship.
You visited 1 branch

Inventory:

Hand Weapons
 a - a +2 dagger (weapon)
 n - a +0 dagger of speed
 r - a +2 rapier of distortion
Missiles
 m - 15 stones
Armour
 b - a +0 robe (worn)
Jewellery
 i - a +3 ring of evasion (left hand)
 o - a +3 ring of evasion (right hand)
Scrolls
 j - 3 scrolls of remove curse
 k - 5 scrolls of amnesia
 l - a scroll of summoning
Potions
 c - 2 potions of invisibility
 d - 4 potions of curing
 e - 8 potions of heal wounds
 f - 2 potions of haste
 g - 4 potions of magic
 h - 3 potions of berserk rage
 p - a potion of mutation
 q - a potion of brilliance


   Skills:
 + Level 4.8 Fighting
 + Level 6.5 Short Blades
 + Level 13.3 Dodging
 - Level 17.5 Stealth
 + Level 11.8 Spellcasting
 + Level 12.0 Hexes
 - Level 7.4 Invocations


You had 25 spell levels left.
You knew the following spells:

 Your Spells              Type           Power        Failure   Level
a - Corona                Hex            55%          1%          1
b - Ensorcelled Hibernat  Hex/Ice        60%          1%          2
c - Confusing Touch       Hex            50%          1%          3

Your spell library contained the following spells:

 Spells                   Type           Power        Failure   Level
 Dazzling Flash           Conj/Hex       60%          1%          3
 Tukima's Dance           Hex            50%          1%          3


Dungeon Overview and Level Annotations

Branches:
Dungeon (1/1)

Altars:
Ashenzari
Cheibriados
Dithmenos
Elyvilon
Fedhas
Gozag
Hepliaklqana
Kikubaaqudgha
Makhleb
Nemelex Xobeh
Okawaru
Qazlal
Ru
Sif Muna
Trog
Uskayaw
Vehumet
Wu Jian
Xom
Yredelemnul
Zin
The Shining One
Beogh
Jiyva
Lugonu


Innate Abilities, Weirdness & Mutations

You are very small and have problems with some larger weapons.
You are too small for most types of armour.
You have supernaturally acute eyesight. (SInv)
You cover ground extremely quickly.


Message History

The five-headed hydra is moderately wounded.
Your shadow hits the five-headed hydra but does no damage.
You feel sick. The black mamba closely misses you.
Unknown command.
Unknown command.
You hit the five-headed hydra but do no damage.
The five-headed hydra is moderately wounded.
Your shadow hits the five-headed hydra but does no damage.
You feel sick. The black mamba misses you.
The five-headed hydra completely misses you. x5
Unknown command.
Unknown command.
You feel better.
The black mamba bites the five-headed hydra!
The black mamba completely misses you. The five-headed hydra bites you!
The five-headed hydra closely misses you.
The five-headed hydra bites you!
* * * LOW HITPOINT WARNING * * *
The five-headed hydra bites you!
You die...

<...##...##.'...+
....##..##.†##'## Y##
....##..#..##...##.Y+
....##..#..#.....#..#
######..'..'.....+.Y+
######..#..#.....#YY#
..[[##..#..##...##Yy+
..[[##..##..##§##SY#
..))##...##.'.§§@D#
..))##....###.§§###
...)##......#.§.+
#################


You could see a five-headed hydra (confused, very poisoned), a black mamba
(confused), 5 yaks and a killer bee.

Vanquished Creatures
  2 deep elf magi (D)
  An orc knight (D)
  A manticore (D)
  A smoke demon (D)
  A polar bear (D)
  A warg (D)
  An acid dragon (D)
  2 floating eyes (D)
  A water moccasin (D)
  A swamp drake (D)
  An orc warrior (D)
  Duvessa (D)
  2 phantoms (D)
  A black bear (D)
  A bullfrog (D)
  Dowan (D)
  2 killer bees (D)
  A crimson imp (D)
  A small abomination (D)
  A gnoll shaman (D)
  2 orc priests (D)
  An orc wizard (D)
  An iguana (D)
  A hell rat (D)
  A mummy (D)
  6 gnolls (D)
  An adder (D)
  3 river rats (D)
  A white imp (D)
  An ufetubus (D)
  A leopard gecko (D)
  3 orcs (D)
  2 giant cockroaches (D)
  A kobold (D)
  A leopard gecko skeleton (D)
50 creatures vanquished.

Vanquished Creatures (collateral kills)
  A killer bee (D)
1 creature vanquished.

Vanquished Creatures (others)
  An orc (D)
1 creature vanquished.

Grand Total: 52 creatures vanquished

Notes
Turn   | Place    | Note
-------+----------+-------------------------------------------
     0 | D        | Groucho the Spriggan Enchanter began the quest for the Orb.
     0 | D        | Reached XP level 1. HP: 9/9 MP: 5/5
    12 | D        | Reached skill level 5 in Stealth
    37 | D        | Found a bloodstained altar of Trog.
    37 | D        | Found a shimmering blue altar of Sif Muna.
    37 | D        | Found a viscous altar of Jiyva.
    37 | D        | Found a hazy altar of Hepliaklqana.
    37 | D        | Found an opulent altar of Gozag.
    38 | D        | Found a glowing golden altar of the Shining One.
    38 | D        | Found a glowing silver altar of Zin.
    38 | D        | Found a basalt altar of Yredelemnul.
    38 | D        | Found a shimmering altar of Xom.
    38 | D        | Found an ornate altar of the Wu Jian Council.
    38 | D        | Found a sacrificial altar of Ru.
    38 | D        | Found a stormy altar of Qazlal.
    38 | D        | Found an iron altar of Okawaru.
    38 | D        | Found a sparkling altar of Nemelex Xobeh.
    38 | D        | Found a burning altar of Makhleb.
    38 | D        | Found a blossoming altar of Fedhas.
    38 | D        | Found a white marble altar of Elyvilon.
    38 | D        | Found a shadowy altar of Dithmenos.
    38 | D        | Found a snail-covered altar of Cheibriados.
    39 | D        | Found a radiant altar of Vehumet.
    39 | D        | Found a corrupted altar of Lugonu.
    39 | D        | Found a roughly hewn altar of Beogh.
    40 | D        | Found a hide-covered altar of Uskayaw.
    40 | D        | Found an ancient bone altar of Kikubaaqudgha.
    40 | D        | Found a broken altar of Ashenzari.
    55 | D        | Became a worshipper of Dithmenos the Shadowed
    67 | D        | Noticed a floating eye
    72 | D        | Paralysed by a floating eye for 2 turns
    79 | D        | Paralysed by a floating eye for 3 turns
    85 | D        | Paralysed by a floating eye for 3 turns
    88 | D        | Killed a floating eye
    89 | D        | Reached skill level 14 in Stealth
    89 | D        | Reached XP level 2. HP: 13/13 MP: 6/6
    89 | D        | Reached XP level 3. HP: 16/16 MP: 8/8
    89 | D        | Reached XP level 4. HP: 21/21 MP: 9/9
   103 | D        | Learned a level 2 spell: Ensorcelled Hibernation
   107 | D        | Learned a level 3 spell: Confusing Touch
   123 | D        | Reached * piety under Dithmenos
   396 | D        | Noticed a floating eye
   396 | D        | Noticed a phantom
   398 | D        | Killed a floating eye
   398 | D        | Reached ** piety under Dithmenos
   399 | D        | Reached skill level 5 in Dodging
   399 | D        | Reached skill level 5 in Spellcasting
   399 | D        | Reached skill level 5 in Hexes
   399 | D        | Reached XP level 5. HP: 24/24 MP: 9/13
   411 | D        | Reached skill level 15 in Stealth
   419 | D        | Killed a phantom
   420 | D        | Reached XP level 6. HP: 16/28 MP: 4/15
   754 | D        | Noticed Duvessa
   932 | D        | Noticed a deep elf mage
   936 | D        | Noticed a deep elf mage
   938 | D        | Noticed Dowan
   938 | D        | Killed a deep elf mage
   938 | D        | Reached *** piety under Dithmenos
   939 | D        | Reached skill level 16 in Stealth
   939 | D        | Reached skill level 5 in Invocations
   939 | D        | Reached XP level 7. HP: 23/32 MP: 11/19
   995 | D        | Killed Duvessa
   999 | D        | Killed Dowan
  1076 | D        | Reached XP level 8. HP: 27/36 MP: 17/21
  1141 | D        | Killed a deep elf mage
  1141 | D        | Reached **** piety under Dithmenos
  1142 | D        | Reached skill level 10 in Dodging
  1142 | D        | Reached skill level 17 in Stealth
  1374 | D        | Reached skill level 10 in Hexes
  1686 | D        | Reached ***** piety under Dithmenos
  1698 | D        | Reached skill level 1 in Fighting
  1708 | D        | Noticed an orc knight
  1712 | D        | Reached skill level 10 in Spellcasting
  1714 | D        | Reached ****** piety under Dithmenos
  1716 | D        | Killed an orc knight
  1717 | D        | Reached XP level 9. HP: 44/44 MP: 22/24
  1933 | D        | Noticed a manticore
  1945 | D        | Killed a manticore
  1946 | D        | Reached skill level 5 in Short Blades
  2363 | D        | Noticed a polar bear
  2395 | D        | Killed a polar bear
  2663 | D        | Noticed a smoke demon
  2665 | D        | Killed a smoke demon
  2670 | D        | Noticed a black mamba
  2674 | D        | Noticed a five-headed hydra
  2695 | D        | Mangled by a five-headed hydra

Illustrated notes

Levels and vault maps discovered:
D:        pitsprint [storerooms_1, entrance_room_1, metal_vault_6, armoury_2,
          mini_pit_1, grid_room_1, main_hall_1, silver_pit, the_coven_1,
          the_vestibule_1, steel_vault_4, golden_pit, hallway_of_sentries,
          crystal_vault_1, iron_vault_2, final_vault]

Skill      XL: |  1  2  3  4  5  6  7  8  9 |
---------------+----------------------------+-----
Stealth        | 14 15 16 17 | 17.5
Spellcasting   | 5 8 10 11 | 11.8
Hexes          | 5 6 8 9 10 12 | 12.0
Dodging        | 5 6 9 12 13 | 13.3
Invocations    | 2 3 5 6 7 |  7.4
Fighting       | 3 4 |  4.8
Short Blades   | 4 6 |  6.5

Action                   |  1- 3 |  4- 6 |  7- 9 || total
-------------------------+-------+-------+-------++-------
Melee: Dagger            |    11 |    22 |   107 ||   140
 Cast: Ensorcelled Hiber |       |     5 |    17 ||    22
       Confusing Touch   |       |     3 |    14 ||    17
       Corona            |       |     1 |       ||     1
Invok: Shadow Step       |       |       |     6 ||     6
  Use: Potion            |       |       |     8 ||     8
       Scroll            |       |       |     1 ||     1
 Stab: Sleeping          |     1 |     6 |    28 ||    35
       Confused          |       |     4 |    13 ||    17
Armor: Robe              |       |     2 |     3 ||     5
Dodge: Dodged            |       |    16 |   107 ||   123
